 Dungeon Sprint DCSS version 0.21.1-1-g345015f (webtiles) character file.

221 Psiloshibe the Fighter (level 9, 0/73 HPs)
             Began as a Barachi Berserker on June 23, 2018.
             Was a High Priest of Trog.
             Succumbed to a black mamba's poison
             ... in the Dungeon (Sprint VI: "Thunderdome").
             The game lasted 00:03:56 (354 turns).

Psiloshibe the Fighter (Barachi Berserker)           Turns: 354, Time: 00:03:57

Health: 0/73       AC: 11    Str: 23    XL:     9   Next: 19%
Magic:  9/9        EV: 11    Int:  8    God:    Trog [*****.]
Gold:   365        SH:  0    Dex: 13    Spells: 8/8 levels left

rFire    + . .     SeeInvis .   a - +0 battleaxe
rCold    . . .     Gourm    .   (shield currently unavailable)
rNeg     + . .     Faith    .   r - +0 chain mail
rPois    .         Spirit   .   (no helmet)
rElec    +         Reflect  .   (no cloak)
rCorr    .         Harm     +   (no gloves)
MR       +++..     NoTele   +   (no boots)
Stlth    ..........             o - amulet of Upsudool {Harm *Drain rElec rF- rN+ Slay+3}
HPRegen  1.22/turn              n - ring of Divine Compulsion {AC+1 Dex+2 Slay+2}
MPRegen  0.11/turn              p - ring "Voetwioc" {rF++ Str+3}

@: lethally poisoned (0 -> -30), regenerating, slow
A: +LOS, swims, talons 1, blurry vision 1, frail 1, low mp 2, magic resistance
1, slowness 1, weak 1, subdued magic 1, MP-powered wands, strong legs 1
a: Hop, Berserk, Trog's Hand, Brothers in Arms, Burn Spellbooks, Renounce
Religion


You were in the Dungeon.
You worshipped Trog.
Trog was extremely pleased with you.
You were not hungry.

You visited 1 branch You collected 500 gold pieces.
You spent 135 gold pieces at shops.

Inventory:

Hand Weapons
 a - a +0 battleaxe (weapon)
 q - a +0 falchion
Missiles
 l - 8 javelins of penetration
 s - 3 tomahawks (quivered)
 u - 8 silver javelins
Armour
 b - a +0 animal skin
 r - a +0 chain mail (worn)
Jewellery
 n - the ring of Divine Compulsion (left hand) {AC+1 Dex+2 Slay+2}
   (You bought it in a shop in the Dungeon)

   [ring of protection]

   It affects your AC (+1).
   It affects your dexterity (+2).
   It affects your accuracy and damage with ranged weapons and melee attacks
   (+2).
 o - the amulet of Upsudool (around neck) {Harm *Drain rElec rF- rN+ Slay+3}
   (You bought it in a shop in the Dungeon)

   [amulet of harm]

   It increases damage dealt and taken.
   It affects your accuracy and damage with ranged weapons and melee attacks
   (+3).
   It makes you vulnerable to fire.
   It insulates you from electricity.
   It protects you from negative energy.
   It causes draining when unequipped.
 p - the ring "Voetwioc" (right hand) {rF++ Str+3}
   (You bought it in a shop in the Dungeon)

   [ring of strength]

   It affects your strength (+3).
   It greatly protects you from fire.
Wands
 k - a wand of acid (1)
Scrolls
 i - 4 scrolls of blinking
 m - 3 scrolls of fog
Potions
 d - a potion of curing
 e - 4 potions of heal wounds
 f - 4 potions of haste
 g - 2 potions of magic
 h - a potion of berserk rage
 j - a potion of resistance
Comestibles
 c - a ration


   Skills:
 + Level 12.0 Fighting
 + Level 10.4 Long Blades
 + Level 9.6 Axes
 * Level 9.1 Throwing
 + Level 8.2 Armour
 + Level 6.0 Dodging
 + Level 4.5 Evocations


You had 8 spell levels left.
You didn't know any spells.

Dungeon Overview and Level Annotations

Branches:
Dungeon (1/1)

Altars:
Cheibriados
Dithmenos
Fedhas
Gozag
Kikubaaqudgha
Makhleb
Okawaru
Qazlal
Ru
Sif Muna
Trog
Uskayaw
Vehumet
Wu Jian
Xom
Yredelemnul
Zin
The Shining One
Beogh
Jiyva
Lugonu

Shops:
D *[%??*?*:[((!!!!


Innate Abilities, Weirdness & Mutations

Shadows flee at your approach. (+LOS)
You can swim through water.
You cover ground slowly.
You can hop short distances.
You have sharp toenails.
Scrolls take you a little longer to read.
You are frail. (-10% HP)
Your magical capacity is very low. (-20% MP)
You are resistant to hostile enchantments. (MR+)
You are weak. (Str -2)
Your spells are a little easier to cast, but a little less powerful.
You expend magic power (3 MP) to strengthen your wands.


Message History

All of the chunks of flesh in your inventory have rotted away.
A black mamba comes into view.
The black mamba hisses angrily.
The black mamba bites you.
You are poisoned.
The black mamba poisons you! The black mamba bites you!
You are lethally poisoned!
The black mamba poisons you!
Your skin crawls.
You feel resistant to hostile enchantments.
You feel somewhat more hungry.
You feel very sick. The black mamba bites you!
* * * LOW HITPOINT WARNING * * *
You are lethally poisoned!
The black mamba poisons you! The black mamba bites you!
* * * LOW HITPOINT WARNING * * *
You closely miss the black mamba. Your kick misses the black mamba.
You recover from your berserk rage.
You die...

#_........# #........_#
###.........###
#⌠...........⌠#
##.8.).......8.######
_......###......___∩##
.....8.# #.8........∩###
.......###.......S.....##
....###...###...@...)..⌠#
....# #.<.# #..........⌠#
....###†..###..........§#
.......###†............##
.....8.# #.8........∩###
_......###......___∩##
##.8.........8.######
#⌠...........⌠#
###.........###


You could see a black mamba.

Vanquished Creatures
  12 neqoxecs (D)
  2 water moccasins (D)
  An orc warrior (D)
  3 adders (D)
  4 orcs (D)
22 creatures vanquished.

Vanquished Creatures (collateral kills)
  A neqoxec (D)
1 creature vanquished.

Grand Total: 23 creatures vanquished

Notes
Turn   | Place    | Note
-------+----------+-------------------------------------------
     0 | D        | Psiloshibe the Barachi Berserker began the quest for the Orb.
     0 | D        | Reached XP level 1. HP: 18/18 MP: 1/1
     0 | D        | Found a corrupted altar of Lugonu.
     0 | D        | Found an opulent altar of Gozag.
     3 | D        | Found an ornate altar of the Wu Jian Council.
     4 | D        | Found a radiant altar of Vehumet.
     4 | D        | Found a bloodstained altar of Trog.
     4 | D        | Found a snail-covered altar of Cheibriados.
     5 | D        | Found a blossoming altar of Fedhas.
     5 | D        | Found a roughly hewn altar of Beogh.
     5 | D        | Round 1.
     6 | D        | Found Niggah's Delicious Food.
     6 | D        | Found a hide-covered altar of Uskayaw.
     6 | D        | Found Kiuroff's Identification Station.
     6 | D        | Found an ancient bone altar of Kikubaaqudgha.
     7 | D        | Found Bara Mokenu's Jewellery.
     7 | D        | Found Yloinan's Advanced Armour.
     7 | D        | Found a sacrificial altar of Ru.
     7 | D        | Found a deep blue altar of Sif Muna.
    13 | D        | Noticed an orc warrior
    16 | D        | Bought a fine copper ring for 45 gold pieces
    16 | D        | Bought a clouded sapphire amulet for 45 gold pieces
    16 | D        | Bought a scorched steel ring for 45 gold pieces
    16 | D        | Identified the amulet of Upsudool {Harm *Drain rElec rF- rN+ Slay+3} (You bought it in a shop in the Dungeon)
    17 | D        | Identified the ring of Divine Compulsion {AC+1 Dex+2 Slay+2} (You bought it in a shop in the Dungeon)
    18 | D        | Identified the ring "Voetwioc" {rF++ Str+3} (You bought it in a shop in the Dungeon)
    20 | D        | Killed an orc warrior
    20 | D        | Reached skill level 6 in Fighting
    20 | D        | Reached XP level 2. HP: 29/29 MP: 2/2
    20 | D        | Reached XP level 3. HP: 35/35 MP: 3/3
    20 | D        | Reached XP level 4. HP: 41/41 MP: 4/4
    62 | D        | Found Reakukhliown's Magic Scroll Shop.
    63 | D        | Found Exoeruc's Magic Scroll Shop.
    63 | D        | Found Lilloeg's Must-Have Magic.
    64 | D        | Found Kogatreamp's Staff Store.
    66 | D        | Reached ** piety under Trog
    66 | D        | Reached skill level 7 in Fighting
    85 | D        | Found a basalt altar of Yredelemnul.
    87 | D        | Found a glowing silver altar of Zin.
    87 | D        | Found a stormy altar of Qazlal.
    87 | D        | Found Fiureawn's Distillery.
    87 | D        | Found Inlealun's Distillery.
    87 | D        | Found Ticouxto's Bottled Wisdom.
    88 | D        | Found a shimmering altar of Xom.
    88 | D        | Found an iron altar of Okawaru.
    88 | D        | Found a shadowy altar of Dithmenos.
    88 | D        | Found Sysmam's Do-It-Yourself Clinic.
   142 | D        | Found a burning altar of Makhleb.
   142 | D        | Found a viscous altar of Jiyva.
   142 | D        | Found Ici Uqer's Weapon Rack.
   142 | D        | Found Laitodd's Basic Armour.
   142 | D        | Found Ettocio's Miscellaneous Merchandise.
   143 | D        | Found a glowing golden altar of the Shining One.
   143 | D        | Found Qickiaru's Premium Goods.
   152 | D        | Noticed Blork the orc
   155 | D        | Arena points: 6 (+6) [x1]
   168 | D        | Round 2.
   173 | D        | Reached skill level 1 in Axes
   173 | D        | Reached skill level 1 in Evocations
   173 | D        | Reached XP level 5. HP: 48/48 MP: 5/5
   187 | D        | Noticed a water moccasin
   188 | D        | Reached *** piety under Trog
   194 | D        | Noticed a water moccasin
   196 | D        | Killed a water moccasin
   196 | D        | Reached skill level 8 in Fighting
   196 | D        | Reached skill level 5 in Throwing
   196 | D        | Reached skill level 5 in Armour
   196 | D        | Reached XP level 6. HP: 35/57 MP: 5/7
   198 | D        | Killed a water moccasin
   198 | D        | Arena points: 30 (+24) [x2]
   198 | D        | Reached skill level 9 in Fighting
   235 | D        | Round 3.
   235 | D        | Noticed a neqoxec
   235 | D        | Noticed a neqoxec
   235 | D        | Noticed a neqoxec
   235 | D        | Noticed a neqoxec
   235 | D        | Noticed a neqoxec
   236 | D        | Noticed a neqoxec
   239 | D        | Killed a neqoxec
   239 | D        | Reached **** piety under Trog
   239 | D        | Reached XP level 7. HP: 47/65 MP: 8/8
   239 | D        | Killed a neqoxec
   239 | D        | Reached skill level 10 in Fighting
   239 | D        | Reached skill level 5 in Axes
   239 | D        | Reached skill level 5 in Dodging
   239 | D        | Killed a neqoxec
   239 | D        | Gained mutation: You are resistant to hostile enchantments. (MR+) [a neqoxec]
   239 | D        | Gained mutation: You have sharp toenails. [a neqoxec]
   240 | D        | Gained mutation: Scrolls take you a little longer to read. [a neqoxec]
   240 | D        | Gained mutation: Your magical capacity is low. (-10% MP) [a neqoxec]
   242 | D        | Gained mutation: You expend magic power (3 MP) to strengthen your wands. [a neqoxec]
   242 | D        | Gained mutation: You are frail. (-10% HP) [a neqoxec]
   245 | D        | Killed a neqoxec
   245 | D        | Reached skill level 11 in Fighting
   245 | D        | Reached skill level 10 in Long Blades
   245 | D        | Reached XP level 8. HP: 43/67 MP: 9/9
   246 | D        | Arena points: 93 (+63) [x3]
   291 | D        | Round 4.
   293 | D        | Gained mutation: You are weak. (Str -2) [a neqoxec]
   293 | D        | Gained mutation: Your magical capacity is very low. (-20% MP) [a neqoxec]
   300 | D        | Received a gift from Trog
   301 | D        | Reached ***** piety under Trog
   303 | D        | Received a gift from Trog
   303 | D        | Reached XP level 9. HP: 65/73 MP: 6/9
   305 | D        | Reached skill level 12 in Fighting
   305 | D        | Gained mutation: Your spells are a little easier to cast, but a little less powerful. [a neqoxec]
   309 | D        | Arena points: 221 (+128) [x4]
   348 | D        | Round 5.
   350 | D        | Noticed a black mamba
   354 | D        | Succumbed to a black mamba's poison

Skill      XL: |  1  2  3  4  5  6  7  8  9 |
---------------+----------------------------+-----
Fighting       | 6 7 8 9 11 12 | 12.0
Long Blades    | 6 7 8 9 10 | 10.4
Throwing       | 3 5 6 7 8 9 |  9.1
Armour         | 3 4 5 6 7 8 |  8.2
Dodging        | 3 4 5 6 |  6.0
Axes           | 1 3 4 6 8 9 |  9.6
Evocations     | 1 2 3 4 |  4.5

Action                   |  1- 3 |  4- 6 |  7- 9 || total
-------------------------+-------+-------+-------++-------
Melee: Battleaxe         |       |    17 |    16 ||    33
       Kick              |       |       |     3 ||     3
Throw: Tomahawk          |       |     1 |       ||     1
Invok: Trog's Hand       |       |     1 |     1 ||     2
       Brothers in Arms  |       |       |     1 ||     1
       Berserk           |       |       |     1 ||     1
Evoke: Wand              |     1 |     5 |     3 ||     9
Armor: Chain mail        |       |    15 |     8 ||    23
Dodge: Dodged            |       |    14 |    18 ||    32
